 Dungeon Crawl Stone Soup version 0.30.0-29-ga12c61a403 (webtiles) character file.

Game seed: 8416440408185720093

9885 booth the Destroyer (level 11, -1/73 (84) HPs)
             Began as a Demonspawn Reaver on June 25, 2023.
             Was an Elder of Okawaru.
             Slain by a warg (6 damage)
             ... on level 11 of the Dungeon.
             The game lasted 01:38:41 (14989 turns).

booth the Destroyer (Demonspawn Reaver)            Turns: 14989, Time: 01:38:41

HP:   -1/73 (84)    AC: 13    Str: 17    XL:     11   Next: 28%
MP:   14/20         EV: 12    Int: 14    God:    Okawaru [****..]
Gold: 624           SH:  0    Dex: 14    Spells: 14/23 levels left

rFire   + + .        z - +1 war axe
rCold   + . .        (no shield)
rNeg    . . .        r - +0 acid dragon scales
rPois   .            (helmet restricted)
rElec   .            k - scarf {repulsion}
rCorr   +            f - +0 pair of gloves of Dithmenos's Favour {rF+ rC+ Will+}
SInv    .            j - +0 pair of boots
Will    ++...        (no amulet)
Stlth   ++           D - ring of willpower
HPRegen 0.32/turn    B - ring of protection from fire
MPRegen 0.17/turn

%: repel missiles
@: about to teleport, heavily drained
A: claws 2, slimy green scales 2, foul stench 2, powered by death 1, horns 1,
thin skeletal structure 1
a: Renounce Religion, Heroism, Finesse


You were on level 11 of the Dungeon.
You worshipped Okawaru.
Okawaru was greatly pleased with you.
You visited 2 branches of the dungeon, and saw 12 of its levels.

You collected 624 gold pieces.

Inventory:

Hand Weapons
 a - a +2 hand axe
 h - a +0 mace
 p - a +0 hand axe of freezing
 s - a +1 antimagic dire flail
 z - a +1 war axe (weapon)
Missiles
 c - 19 poisoned darts (quivered)
 e - 2 boomerangs
 i - 4 atropa-tipped darts
 n - 9 curare-tipped darts
Armour
 f - the +0 pair of gloves of Dithmenos's Favour (worn) {rF+ rC+ Will+}
   (You found it on level 9 of the Dungeon)

   rF:        It protects you from fire.
   rC:        It protects you from cold.
   Will:      It increases your willpower.
 j - a +0 pair of boots (worn)
 k - a scarf of repulsion (worn)
 l - a +0 ring mail
 r - +0 acid dragon scales (worn)
 w - a +0 troll leather armour
Jewellery
 b - a ring of ice
 m - a +4 ring of protection
 B - a ring of protection from fire (right hand)
 D - a ring of willpower (left hand)
Wands
 q - a wand of roots (17)
 v - a wand of paralysis (3)
Scrolls
 o - 2 scrolls of fear
 t - 2 scrolls of amnesia
 u - 6 scrolls of teleportation
 y - 2 scrolls of immolation
 A - 2 scrolls of magic mapping
Potions
 d - a potion of cancellation
 g - a potion of magic
 C - a potion of resistance
 F - a potion of attraction
 G - a potion of flight
Miscellaneous
 E - a tin of tremorstones (2/2)


   Skills:
 + Level 7.2 Fighting
 + Level 8.5(8.8) Axes
 + Level 2.6(6.0) Maces & Flails
 + Level 5.6 Armour
 - Level 3.3 Dodging
 + Level 6.6 Spellcasting
 + Level 9.0 Conjurations
 + Level 3.8 Hexes


You had 14 spell levels left.
You knew the following spells:

 Your Spells              Type           Power      Damage    Failure   Level
a - Kiss of Death         Conj/Necr      68%        2d10      3%          1
b - Momentum Strike       Conj/Tloc      34%        3d8       4%          2
c - Hailstorm             Conj/Ice       17%        3d6       10%         3
d - Dazzling Flash        Conj/Hex       44%        N/A       4%          3

Your spell library contained the following spells:

 Spells                   Type           Power      Damage    Failure   Level
 Static Discharge         Conj/Air       34%        2-4/arc   4%          2
 Stone Arrow              Conj/Erth      34%        3d9       10%         3
 Passwall                 Tmut/Erth      3%         N/A       30%         2
 Sublimation of Blood     Necr           4%         N/A       30%         2
 Iskenderun's Mystic Bla  Conj/Tloc      17%        2d5       30%         4
 Vhi's Electric Charge    Tloc/Air       8%         N/A       52%         3
 Volatile Blastmotes      Fire/Tloc      8%         2d10      52%         3
 Arcjolt                  Conj/Air       8%         1d18      65%         5
 Irradiate                Conj/Tmut      8%         3d14      65%         5
 Airstrike                Air            2%         2d(1-17)  89%         4
 Petrify                  Tmut/Erth      4%         N/A       89%         4
 Starburst                Conj/Fire      8%         6d4       99%         6
 Storm Form               Tmut/Air       2%         N/A       100%        7
 Maxwell's Capacitive Co  Air            2%         ∞         100%        8
 Necromutation            Tmut/Necr      2%         N/A       100%        8
 Summon Lightning Spire   Summ/Air       Unusable   N/A       N/A         4

Dungeon Overview and Level Annotations

Branches:
Dungeon (11/15)            Temple (1/1) D:5            Lair (0/5) D:10
    Orc (0/2) D:11

Altars:
Ashenzari
Cheibriados
Dithmenos
Fedhas
Gozag
Hepliaklqana
Kikubaaqudgha
Makhleb
Nemelex Xobeh
Okawaru
Qazlal
Ru
Sif Muna
Trog
Uskayaw
Vehumet
Wu Jian
Xom
Yredelemnul

Shops:
D:1 (

Annotations:
D:10 2 transporters, Dordric's ghost, journeyman MiMo
D:11 Nergalle


Innate Abilities, Weirdness & Mutations

You have very sharp fingernails.
You are mostly covered in slimy green scales. (AC +3)
You sometimes emit foul miasma when damaged in melee.
You regenerate a little health from kills.
You have a pair of small horns on your head.
You have a somewhat thin skeletal structure. (Dex +2, Stealth+)


Message History

As you read the scroll of blinking, it crumbles to dust.
Your surroundings suddenly seem different.
A goblin, a warg, 11 orcs and 6 yaks come into view.
The goblin is wielding a +0 dagger of speed.
Found 6 stones and a robe.
Found a staircase to the Orcish Mines.
The orc priest shouts!
The orc shouts! x2; The yak bellows! x3
The orc shouts!
The yak bellows!
The warg howls!
The orc priest shouts!
The orc shouts!
You hear a shout!
The orc shouts!
The orc priest shouts!
You hear a roar!
The yak gores you but does no damage.
An acid dragon comes into view.
You hear a shout!
The orc priest shouts!
You hear a shout!
There is a staircase to the Orcish Mines here.
Okay, then.
Casting: Kiss of Death (safe; 3% risk of failure)
Confirm with . or Enter, or press ? or * to list all spells.
Casting: Dazzling Flash (dangerous; 4% risk of failure)
Press: ? - help, Dir - look around, f - activate The yak is dazzled.
The orc is dazzled.
The goblin is dazzled.
The orc is dazzled.
The warg completely misses you.
The yak snorts and paws the ground.
The yak barely misses you. The yak gores you.
* * * LOW HITPOINT WARNING * * *
The orc misses you.
As you read the scroll of teleportation, it crumbles to dust.
You feel strangely unstable. The warg completely misses you.
An orc comes into view. It is wielding a +0 short sword.
The yak completely misses you. The yak gores you but does no damage.
Nergalle the Soulbinder comes into view.
She is wielding a +0 dagger.
An orc warrior comes into view. It is wielding a +0 flail.
The orc hits you but does no damage. The goblin misses you.
Casting: Dazzling Flash (dangerous; 4% risk of failure)
Confirm with . or Enter, or press ? or * to list all spells.
Casting: Dazzling Flash (dangerous; 4% risk of failure)
Press: ? - help, Dir - look around, f - activate The yak is dazzled.
The orc is dazzled.
The yak is dazzled.
The orc is dazzled.
The goblin is dazzled.
The orc priest is dazzled.
The orc is dazzled.
The orc shouts!
The warg completely misses you. The goblin misses you. The warg bites you.
You die...

..[.....##....#
..............#
...............
...............
...............
...............
...o..goYo.....
..D.o..@YYoo...
......ohYY.....
....(o..o......
.
.....o###.Y....
. .....o ..o..o
. .....o ......
. ..... ..##. .
..... ..# .


You could see Nergalle, 6 yaks, a warg, an orc warrior, an acid dragon, 4 orc
priests, an orc wizard, 7 orcs and a goblin (blind).

Vanquished Creatures
  2 two-headed ogres (D:10)
  A manticore (D:9)
  Psyche (D:10)
  3 trolls
  2 hornets
  2 polar bears
  Prince Ribbit (D:9)
  6 yaks
  3 wyverns
  A steam dragon (D:7)
  2 acid dragons
  7 water moccasins
  3 black bears
  2 orc warriors
  A sky beast (D:7)
  An ogre (D:6)
  9 centaurs
  2 phantoms
  4 kobold brigands
  Blork the orc (D:5)
  4 bullfrogs
  A gnoll sergeant (D:8)
  5 scorpions
  3 wights
  8 killer bees
  4 howler monkeys
  A jelly (D:6)
  A hound (D:4)
  2 gnoll boudas
  3 orc priests
  2 sleepcaps
  Jessica (D:3)
  5 iguanas
  6 orc wizards
  Robin (D:3)
  12 gnolls
  12 adders
  A shadow imp (D:7)
  2 white imps
  A dart slug (D:1)
  33 orcs
  4 endoplasms
  3 giant cockroaches
  17 goblins
  9 hobgoblins
  5 jackals
  15 kobolds
  6 ball pythons
  5 bats
  2 frilled lizards
  3 rats
231 creatures vanquished.

Notes
Turn   | Place    | Note
-------+----------+-------------------------------------------
     0 | D:1      | booth the Demonspawn Reaver began the quest for the Orb.
     0 | D:1      | Reached XP level 1. HP: 16/16 MP: 3/3
   110 | D:1      | Found Otolis's Antique Weapon Emporium.
   213 | D:1      | Found a faded altar of an unknown god.
   222 | D:1      | Prayed at the altar of an unknown god.
   222 | D:1      | Became a worshipper of Warmaster Okawaru
   222 | D:1      | Reached * piety under Okawaru
   608 | D:1      | Gained mutation: You are partially covered in slimy green
                  | scales. (AC +2) [demonic ancestry]
   608 | D:1      | Reached XP level 2. HP: 22/22 MP: 5/5
   611 | D:1      | Learned a level 2 spell: Momentum Strike
  1055 | D:2      | Gained mutation: You have sharp fingernails. [demonic
                  | ancestry]
  1055 | D:2      | Reached XP level 3. HP: 23/28 MP: 6/6
  1059 | D:2      | Learned a level 3 spell: Hailstorm
  2084 | D:3      | Noticed Jessica
  2088 | D:3      | Killed Jessica
  2089 | D:3      | Reached XP level 4. HP: 23/32 MP: 5/7
  2493 | D:3      | Noticed Robin
  2526 | D:3      | Killed Robin
  2532 | D:3      | Gained mutation: You are mostly covered in slimy green
                  | scales. (AC +3) [demonic ancestry]
  2532 | D:3      | Reached XP level 5. HP: 30/40 MP: 9/9
  3146 | D:3      | Found a stormy altar of Qazlal.
  3146 | D:3      | Found an opulent altar of Gozag.
  3148 | D:3      | Found a burning altar of Makhleb.
  3148 | D:3      | Found a sacrificial altar of Ru.
  3585 | D:4      | Reached skill level 4 in Conjurations
  3817 | D:4      | Found an iron altar of Okawaru.
  3846 | D:4      | Gained mutation: You regenerate a little health from kills.
                  | [demonic ancestry]
  3846 | D:4      | Reached XP level 6. HP: 47/47 MP: 10/10
  4323 | D:4      | Got the Collected Works on Mercurial Bedrock
  4546 | D:4      | Gained mutation: You have a somewhat thin skeletal
                  | structure. (Dex +2, Stealth+) [potion of mutation]
  4546 | D:4      | Gained mutation: You have a pair of small horns on your
                  | head. [potion of mutation]
  4577 | D:5      | Entered Level 5 of the Dungeon
  4785 | D:5      | Found a snail-covered altar of Cheibriados.
  4890 | D:5      | Reached XP level 7. HP: 52/52 MP: 10/12
  5002 | D:5      | Found a radiant altar of Vehumet.
  5086 | D:5      | Found a staircase to the Ecumenical Temple.
  5097 | D:5      | Noticed Blork the orc
  5120 | D:5      | Killed Blork the orc
  5121 | D:5      | Reached skill level 1 in Armour
  5169 | Temple   | Entered the Ecumenical Temple
  5640 | D:5      | Found a basalt altar of Yredelemnul.
  5677 | D:5      | Reached skill level 5 in Conjurations
  5935 | D:6      | Reached skill level 5 in Axes
  6321 | D:6      | Gained mutation: You have very sharp fingernails. [demonic
                  | ancestry]
  6321 | D:6      | Reached XP level 8. HP: 60/60 MP: 13/13
  6416 | D:6      | Reached ** piety under Okawaru
  6428 | D:6      | Reached skill level 6 in Conjurations
  6765 | D:6      | Reached skill level 5 in Fighting
  6915 | D:6      | Gained mutation: You may rarely emit foul miasma when
                  | damaged in melee. [demonic ancestry]
  6915 | D:6      | Reached XP level 9. HP: 66/68 MP: 13/15
  7523 | D:6      | HP: 3/61 [wight/+3 halberd (15)]
  7525 | D:6      | Reached skill level 7 in Conjurations
  7959 | D:7      | HP: 1/63 [iguana (3)]
  7969 | D:7      | Reached skill level 5 in Spellcasting
  8562 | D:7      | HP: 3/68 [poisoned by a killer bee]
 10116 | D:8      | Learned a level 3 spell: Dazzling Flash
 10136 | D:8      | You fall into a shaft and drop 1 floor!
 10818 | D:8      | Gained mutation: You sometimes emit foul miasma when
                  | damaged in melee. [demonic ancestry]
 10818 | D:8      | Reached XP level 10. HP: 66/70 MP: 18/18
 11197 | D:9      | Noticed Prince Ribbit
 11212 | D:9      | Reached skill level 8 in Conjurations
 11245 | D:9      | Killed Prince Ribbit
 11455 | D:9      | Identified the +0 pair of gloves of Dithmenos's Favour {rF+
                  | rC+ Will+}
 11656 | D:9      | Reached skill level 1 in Hexes
 11774 | D:9      | Noticed a manticore
 11798 | D:9      | Killed a manticore
 12506 | D:10     | Entered Level 10 of the Dungeon
 12506 | D:10     | Found a bloodstained altar of Trog.
 12776 | D:9      | Reached skill level 1 in Maces & Flails
 13195 | D:10     | Found a transporter.
 13199 | D:10     | Noticed Dordric's ghost (journeyman MiMo)
 13489 | D:10     | Noticed a two-headed ogre
 13515 | D:10     | Reached skill level 5 in Armour
 13527 | D:10     | Killed a two-headed ogre
 13527 | D:10     | Reached *** piety under Okawaru
 13736 | D:10     | Found a staircase to the Lair.
 13755 | D:10     | Noticed a two-headed ogre
 13891 | D:10     | Killed a two-headed ogre
 13891 | D:10     | Reached **** piety under Okawaru
 13892 | D:10     | Reached XP level 11. HP: 42/80 MP: 20/20
 14449 | D:10     | Found a transporter.
 14503 | D:10     | Identified a scroll of acquirement
 14503 | D:10     | Acquired a ring of willpower
 14526 | D:11     | Noticed Psyche
 14539 | D:10     | Killed Psyche
 14870 | D:11     | Paralysed by a hornet for 2 turns
 14974 | D:11     | HP: 4/84 [acid dragon (3)]
 14976 | D:11     | Noticed a two-headed ogre
 14977 | D:11     | Reached skill level 9 in Conjurations
 14986 | D:11     | Found a staircase to the Orcish Mines.
 14988 | D:11     | Noticed Nergalle
 14989 | D:11     | Slain by a warg

Illustrated notes

Levels and vault maps discovered:
D:1:      ncdulo_halloftheorcs, layout_basic, serial_shops, shop,
          shapermc_ecumenical_altar_flowoftime
D:2:      layout_basic
D:3:      layout_loops_corners, mainiacjoe_overflow_alcove_3,
          mainiacjoe_overflow_tiny_flanked, uniq_robin, uniq_jessica
D:4:      layout_basic, okawaru_metal_pillars_1_2
D:5:      layout_loops_ring, nicolae_vehumet_altar_sigil,
          mainiacjoe_overflow_catch_the_wave, minmay_temple_entry_slanted,
          kennysheep_generic_room_9, uniq_blork_the_orc
D:6:      layout_basic, minmay_ogre_servants
D:7:      layout_basic
D:8:      layout_rooms, mainiacjoe_overflow_small_starburst
D:9:      layout_loops_ring, uniq_prince_ribbit1
D:10:     layout_basic, trog_ov_bears_minmay, due_lair_maze_entry_diamond,
          gammafunk_ghost_stat_death
D:11:     layout_cave_pools, erik_orc_4, uniq_psyche, uniq_nergalle
Temple:   grunt_temple_mini_profane

Skill      XL: |  1  2  3  4  5  6  7  8  9 10 11 |
---------------+----------------------------------+-----
Dodging        | 2 3 |  3.3
Axes           | 3 4 5 6 7 8 |  8.5
Fighting       | 3 4 5 6 7 |  7.2
Spellcasting   | 3 4 5 6 |  6.6
Conjurations   | 4 5 6 7 8 9 |  9.0
Armour         | 1 3 4 5 |  5.6
Hexes          | 3 |  3.8
Maces & Flails | 2 |  2.6

Action                     |  1- 3 |  4- 6 |  7- 9 | 10-12 || total
---------------------------+-------+-------+-------+-------++-------
  Melee: Hand axe          |   114 |   258 |   491 |   340 ||  1203
         Punch             |     2 |     4 |    10 |     3 ||    19
         Headbutt          |       |     3 |   105 |   113 ||   221
         War axe           |       |       |       |    58 ||    58
  Throw: Dart              |       |    12 |    64 |    56 ||   132
         Boomerang         |       |       |       |     6 ||     6
   Cast: Kiss of Death     |     1 |       |     2 |     3 ||     6
         Dazzling Flash    |       |       |     1 |     3 ||     4
         Momentum Strike   |       |       |       |     3 ||     3
 Invoke: Heroism           |     1 |     4 |    21 |     3 ||    29
  Evoke: Wand              |       |       |     1 |       ||     1
    Use: Scroll            |     3 |     8 |     7 |     7 ||    25
         Potion            |     1 |     4 |     6 |     3 ||    14
   Stab: Sleeping          |       |       |     2 |     1 ||     3
 Armour: Leather armour    |    20 |   134 |   176 |       ||   330
         Acid dragon scale |       |       |    32 |   218 ||   250
  Dodge: Dodged            |    53 |   161 |   313 |   313 ||   840
         Repelled          |       |       |       |     1 ||     1
